 Dungeon Crawl Stone Soup version 0.30-a0-722-g3e6e8c874d (webtiles) character file.

Game seed: 2464684260337245708

1794 Strat the Cudgeller (level 9, 0/69 HPs)
             Began as a Gnoll Reaver on Jan 27, 2023.
             Was a Follower of Okawaru.
             Succumbed to a kobold brigand's poison
             ... on level 7 of the Dungeon.
             The game lasted 00:11:22 (5550 turns).

Strat the Cudgeller (Gnoll Reaver)                  Turns: 5550, Time: 00:11:24

Health: 0/69       AC:  9    Str: 15    XL:     9   Next: 9%
Magic:  18/18      EV: 17    Int: 13    God:    Okawaru [*.....]
Gold:   316        SH:  4    Dex: 11    Spells: 13/21 levels left

rFire   + . .      SeeInvis .    a - +1 flail
rCold   . . .      Faith    .    s - +0 buckler
rNeg    . . .      Spirit   .    o - +0 ring mail
rPois   .          Reflect  .    q - +0 helmet
rElec   .          Harm     .    d - +0 cloak
rCorr   .          Rampage  .    j - +0 pair of gloves
Will    .....                    (no boots)
Stlth   ++                       (no amulet)
HPRegen 0.31/turn                m - ring of protection from fire
MPRegen 0.16/turn                n - +5 ring of evasion

@: lethally poisoned (0 -> -20)
A: fangs 1, strong nose, distributed training
a: Renounce Religion, Heroism


You were on level 7 of the Dungeon.
You worshipped Okawaru.
Okawaru was aware of your devotion.
You visited 2 branches of the dungeon, and saw 8 of its levels.

You collected 316 gold pieces.

Inventory:

Hand Weapons
 a - a +1 flail (weapon)
Missiles
 e - 5 poisoned darts
Armour
 d - a +0 cloak (worn)
 j - a +0 pair of gloves (worn)
 o - a +0 ring mail (worn)
 q - a +0 helmet (worn)
 s - a +0 buckler (worn)
Jewellery
 m - a ring of protection from fire (left hand)
 n - a +5 ring of evasion (right hand)
 v - a +6 ring of strength
 w - a ring of magical power
Wands
 k - a wand of quicksilver (11)
Scrolls
 b - 3 scrolls of poison
 c - a scroll of immolation
 h - 3 scrolls of teleportation
Potions
 f - a potion of magic
 g - 4 potions of lignification
 i - 2 potions of berserk rage
 l - 2 potions of flight {unknown}
 p - 3 potions of heal wounds {unknown}
 r - 3 potions of attraction {unknown}
 t - 2 potions of might {unknown}
 u - 2 potions of haste {unknown}
 x - 2 potions of brilliance {unknown}


   Skills:
 + Level 6.2 Fighting
 + Level 4.0 Short Blades
 + Level 4.0 Long Blades
 + Level 4.0 Axes
 + Level 7.8 Maces & Flails
 + Level 4.0 Polearms
 + Level 4.0 Staves
 + Level 4.0 Ranged Weapons
 + Level 4.0 Throwing
 + Level 4.0 Armour
 + Level 6.2 Dodging
 + Level 4.0 Stealth
 + Level 4.0 Shields
 + Level 4.0 Unarmed Combat
 + Level 6.5 Spellcasting
 + Level 6.4 Conjurations
 + Level 3.3 Hexes
 + Level 3.3 Summonings
 + Level 3.3 Necromancy
 + Level 3.3 Translocations
 + Level 3.3 Transmutations
 + Level 3.3 Fire Magic
 + Level 3.3 Ice Magic
 + Level 3.3 Air Magic
 + Level 3.3 Earth Magic
 + Level 3.3 Poison Magic
 + Level 4.4 Invocations
 + Level 4.0 Evocations


You had 13 spell levels left.
You knew the following spells:

 Your Spells              Type           Power      Damage    Failure   Level
a - Kiss of Death         Conj/Necr      64%        2d10      5%          1
b - Momentum Strike       Conj/Tloc      32%        3d8       8%          2
c - Hailstorm             Conj/Ice       16%        3d6       16%         3
d - Wereblood             Tmut           12%        N/A       16%         2

Your spell library contained the following spells:

 Spells                   Type           Power      Damage    Failure   Level
 Beastly Appendage        Tmut           24%        N/A       10%         1
 Cigotuvi's Dreadful Rot  Necr/Pois/Air  24%        N/A       16%         2
 Ensorcelled Hibernation  Hex/Ice        24%        N/A       16%         2
 Passwall                 Tmut/Erth      10%        N/A       16%         2
 Poisonous Vapours        Pois/Air       24%        N/A       16%         2
 Mephitic Cloud           Conj/Pois/Air  15%        N/A       19%         3
 Gell's Gravitas          Tloc           12%        N/A       30%         3
 Spider Form              Tmut/Pois      12%        N/A       30%         3
 Swiftness                Air            12%        N/A       30%         3
 Teleport Other           Tloc           12%        N/A       30%         3
 Blade Hands              Tmut           6%         N/A       95%         5
 Dispersal                Tloc           6%         N/A       100%        6
 Iron Shot                Conj/Erth      8%         9d3       100%        6
 Animate Armour           Summ/Erth      Unusable   N/A       N/A         4

Dungeon Overview and Level Annotations

Branches:
Dungeon (7/15)             Temple (1/1) D:6

Altars:
Ashenzari
Cheibriados
Dithmenos
Fedhas
Gozag
Hepliaklqana
Makhleb
Nemelex Xobeh
Okawaru
Qazlal
Ru
Sif Muna
Trog
Uskayaw
Vehumet
Wu Jian
Xom
Yredelemnul
Zin
The Shining One


Innate Abilities, Weirdness & Mutations

You have very sharp teeth.
Your uncanny sense of smell can sniff out nearby items.
Your experience applies equally to all skills.


Message History

The kobold brigand is lightly wounded.
You feel extremely sick.
The kobold brigand hits you but does no damage.
You hit the kobold brigand.
The kobold brigand is lightly wounded.
You feel very sick. You block the kobold brigand's attack.
You barely miss the kobold brigand.
The kobold brigand is lightly wounded.
You feel very sick.
The kobold brigand hits you with a +3 dagger of venom.
* * * LOW HITPOINT WARNING * * *
You hit the kobold brigand but do no damage.
The kobold brigand is lightly wounded.
You feel very sick. The kobold brigand closely misses you.
You sock the kobold brigand!
The kobold brigand is heavily wounded.
You feel sick.
The kobold brigand hits you with a +3 dagger of venom.
* * * LOW HITPOINT WARNING * * *
You hit the kobold brigand.
The kobold brigand is heavily wounded.
You feel sick.
The kobold brigand hits you but does no damage.
You are more poisoned.
You hit the kobold brigand.
The kobold brigand is severely wounded.
You feel very sick.
The kobold brigand hits you with a +3 dagger of venom.
* * * LOW HITPOINT WARNING * * *
You are more poisoned.
You hit the kobold brigand but do no damage.
The kobold brigand is severely wounded.
* * * LOW HITPOINT WARNING * * *
You feel very sick.
The kobold brigand hits you but does no damage.
You closely miss the kobold brigand. Your bite misses the kobold brigand.
The kobold brigand is severely wounded.
You die...

...# #.........# ..##
#.........# ### #.# #..>......#
####.# #.# #.......).###
###....# #.#
#.#######...####...##.### #..
... ###......####...# #####..#
##))...####...# ..###..###
##K###........# #..........
###@.########...#
.....#.K###.##..)..# #...#
####.....##........# ##.##
.####.#.....#......# #.#
....#.#.###.##.....# ##.####
..K................## #.....#
#K####..............######.....#
).# #........[................#
### ##......#.)......####..)..#


You could see a kobold brigand.

Vanquished Creatures
  Sigmund (D:3)
  2 ice beasts
  2 ogres
  A centaur (D:7)
  3 phantoms
  A gnoll sergeant (D:6)
  2 bullfrogs (D:6)
  2 scorpions (D:6)
  A howler monkey (D:7)
  4 hounds
  2 jellies
  2 orc priests (D:7)
  A gnoll bouda (D:6)
  2 iguanas
  Ijyb (D:3)
  Natasha (twice) (D:3)
  8 gnolls (D:6)
  3 adders (D:4)
  3 white imps
  5 ufetubi
  2 worms
  A dart slug (D:1)
  18 orcs
  9 endoplasms
  A giant cockroach (D:1)
  6 goblins
  3 hobgoblins
  11 kobolds
  A quokka (D:1)
  2 ball pythons
  5 bats
  4 frilled lizards
  6 rats
117 creatures vanquished.

Vanquished Creatures (others)
  10 plants (D:6)
10 creatures vanquished.

Grand Total: 127 creatures vanquished

Notes
Turn   | Place    | Note
-------+----------+-------------------------------------------
     0 | D:1      | Strat the Gnoll Reaver began the quest for the Orb.
     0 | D:1      | Reached XP level 1. HP: 20/20 MP: 6/6
    54 | D:1      | Reached XP level 2. HP: 11/26 MP: 7/7
   139 | D:1      | Learned a level 2 spell: Momentum Strike
   319 | D:1      | Reached skill level 5 in Spellcasting
   319 | D:1      | Reached XP level 3. HP: 31/31 MP: 7/9
   679 | D:2      | Found a bloodstained altar of Trog.
   740 | D:2      | Reached skill level 1 in Invocations
   824 | D:2      | Found a faded altar of an unknown god.
   875 | D:2      | You fall into a shaft and drop 1 floor!
   896 | D:3      | Noticed Sigmund
   905 | D:3      | Killed Sigmund
   906 | D:3      | Reached skill level 1 in Short Blades
   906 | D:3      | Reached skill level 1 in Long Blades
   906 | D:3      | Reached skill level 1 in Axes
   906 | D:3      | Reached skill level 1 in Polearms
   906 | D:3      | Reached skill level 1 in Staves
   906 | D:3      | Reached skill level 1 in Ranged Weapons
   906 | D:3      | Reached skill level 1 in Throwing
   906 | D:3      | Reached skill level 1 in Armour
   906 | D:3      | Reached skill level 1 in Stealth
   906 | D:3      | Reached skill level 1 in Shields
   906 | D:3      | Reached skill level 1 in Unarmed Combat
   906 | D:3      | Reached skill level 1 in Hexes
   906 | D:3      | Reached skill level 1 in Summonings
   906 | D:3      | Reached skill level 1 in Necromancy
   906 | D:3      | Reached skill level 1 in Translocations
   906 | D:3      | Reached skill level 1 in Transmutations
   906 | D:3      | Reached skill level 1 in Fire Magic
   906 | D:3      | Reached skill level 1 in Ice Magic
   906 | D:3      | Reached skill level 1 in Air Magic
   906 | D:3      | Reached skill level 1 in Earth Magic
   906 | D:3      | Reached skill level 1 in Poison Magic
   906 | D:3      | Reached skill level 1 in Evocations
   906 | D:3      | Reached XP level 4. HP: 19/38 MP: 7/11
   906 | D:3      | Reached XP level 5. HP: 22/43 MP: 7/12
   906 | D:3      | Noticed Ijyb
   931 | D:3      | Killed Ijyb
  1194 | D:3      | Reached XP level 6. HP: 41/45 MP: 13/13
  1425 | D:3      | Found a glowing silver altar of Zin.
  1452 | D:3      | Found a basalt altar of Yredelemnul.
  1534 | D:3      | Noticed Natasha
  1558 | D:3      | Killed Natasha
  1566 | D:3      | Reached skill level 5 in Fighting
  1566 | D:3      | Reached skill level 5 in Dodging
  1590 | D:3      | Noticed Natasha
  1600 | D:3      | Killed Natasha
  2005 | D:3      | Learned a level 3 spell: Hailstorm
  2594 | D:5      | Entered Level 5 of the Dungeon
  3147 | D:5      | Noticed an ice beast
  3152 | D:5      | Killed an ice beast
  3153 | D:5      | Reached skill level 7 in Maces & Flails
  3153 | D:5      | Reached XP level 7. HP: 56/56 MP: 10/15
  3687 | D:5      | Learned a level 2 spell: Wereblood
  3967 | D:6      | Reached XP level 8. HP: 60/63 MP: 16/16
  3991 | D:6      | Noticed an angel
  4143 | D:6      | Found a staircase to the Ecumenical Temple.
  4177 | Temple   | Entered the Ecumenical Temple
  4474 | Temple   | Became a worshipper of Warmaster Okawaru
  4565 | D:6      | Noticed a rust devil
  5173 | D:7      | Reached * piety under Okawaru
  5289 | D:7      | Reached XP level 9. HP: 58/69 MP: 18/18
  5550 | D:7      | Succumbed to a kobold brigand's poison

Illustrated notes

Levels and vault maps discovered:
D:1:      elethiomel_arrival_shortcut, layout_rooms
D:2:      kennysheep_six_static_rooms, layout_rooms, basic_altar,
          ebering_ecumenical_altar_sacrificial
D:3:      layout_rooms, mainiacjoe_overflow_catwalk_spiral, uniq_natasha,
          uniq_sigmund, uniq_ijyb
D:4:      layout_rooms
D:5:      nicolae_cairo_tiling, layout_loops_ring
D:6:      layout_basic, temple_garden
D:7:      layout_rooms, uniq_maggie
Temple:   dpeg_five_rooms_temple

Skill      XL: |  1  2  3  4  5  6  7  8  9 |
---------------+----------------------------+-----
Spellcasting   | 5 6 |  6.5
Invocations    | 1 2 3 4 |  4.4
Short Blades   | 1 2 3 4 |  4.0
Long Blades    | 1 2 3 4 |  4.0
Axes           | 1 2 3 4 |  4.0
Polearms       | 1 2 3 4 |  4.0
Staves         | 1 2 3 4 |  4.0
Ranged Weapons | 1 2 3 4 |  4.0
Throwing       | 1 2 3 4 |  4.0
Armour         | 1 2 3 4 |  4.0
Stealth        | 1 2 3 4 |  4.0
Shields        | 1 2 3 4 |  4.0
Unarmed Combat | 1 2 3 4 |  4.0
Hexes          | 1 2 3 |  3.3
Summonings     | 1 2 3 |  3.3
Necromancy     | 1 2 3 |  3.3
Translocations | 1 2 3 |  3.3
Transmutations | 1 2 3 |  3.3
Fire Magic     | 1 2 3 |  3.3
Ice Magic      | 1 2 3 |  3.3
Air Magic      | 1 2 3 |  3.3
Earth Magic    | 1 2 3 |  3.3
Poison Magic   | 1 2 3 |  3.3
Evocations     | 1 2 3 4 |  4.0
Fighting       | 5 6 |  6.2
Dodging        | 5 6 |  6.2
Maces & Flails | 7 |  7.8
Conjurations   | 6 |  6.4

Action                     |  1- 3 |  4- 6 |  7- 9 || total
---------------------------+-------+-------+-------++-------
  Melee: Mace              |    83 |    32 |       ||   115
         Bite              |    10 |    15 |    18 ||    43
         Punch             |     1 |     4 |     1 ||     6
         Flail             |       |   122 |   219 ||   341
   Cast: Momentum Strike   |     1 |     9 |     8 ||    18
         Kiss of Death     |     1 |     1 |     1 ||     3
         Hailstorm         |       |       |     2 ||     2
    Use: Scroll            |       |     9 |     3 ||    12
   Stab: Sleeping          |     1 |     1 |     1 ||     3
 Armour: Leather armour    |    23 |    28 |       ||    51
         Ring mail         |       |    45 |    51 ||    96
  Dodge: Dodged            |    47 |   121 |   158 ||   326
  Block: Buckler           |       |       |    30 ||    30

Table legend: (Time is in decaauts)
 A = Elapsed time spent in this place.
 B = Non-inter-level travel time spent in this place.
 C = Inter-level travel time spent in this place.
 D = Time resting spent in this place.
 E = Time spent auto-exploring this place.
 F = Levels seen in this place.
 G = Mean time per level.
                   A        B        C        D        E       F      G
               +--------+--------+--------+--------+--------+-----+--------+
         Total |   5580 |   5411 |    169 |    920 |   3082 |   8 |  697.5 |
       Dungeon |   5247 |   5149 |     98 |    920 |   2897 |   7 |  749.6 |
        Temple |    332 |    261 |     71 |      0 |    185 |   1 |  332.0 |
               +--------+--------+--------+--------+--------+-----+--------+

Top non-repeatable levels by time:
     D:3: 1141 daAuts
     D:5: 1122 daAuts
     D:6: 1003 daAuts
     D:1: 684 daAuts
     D:4: 590 daAuts
     D:7: 508 daAuts
  Temple: 332 daAuts
     D:2: 197 daAuts
